 Dungeon Crawl Stone Soup version 0.26-a0-858-gbf766624f9 (webtiles) character file.

Game seed: 8441401964352857101

3653 jiml777 the Thaumaturge (level 9, -12/46 HPs)
             Began as a Deep Elf Air Elementalist on Nov 25, 2020.
             Was a Believer of Sif Muna.
             Mangled by a cyan ugly thing (13 damage)
             ... on level 8 of the Dungeon.
             The game lasted 01:00:04 (9308 turns).

jiml777 the Thaumaturge (Deep Elf Air Elementalist) Turns: 9308, Time: 01:00:05

Health: -12/46     AC: 13    Str: 11    XL:     9   Next: 88%
Magic:  6/27       EV: 14    Int: 24    God:    Sif Muna [**....]
Gold:   470        SH:  0    Dex: 18    Spells: 17/32 levels left

rFire    . . .     SeeInvis .   n - +5 quarterstaff (chaos)
rCold    . . .     Faith    .   (shield currently unavailable)
rNeg     . . .     Spirit   .   a - +0 robe
rPois    .         Reflect  .   (no helmet)
rElec    .         Harm     .   v - +0 cloak
rCorr    .         Rampage  .   c - +2 pair of gloves {Dex+3}
MR       .....                  x - +2 pair of boots
Stlth    +++.......             (no amulet)
HPRegen  0.15/turn              o - +4 ring of protection
MPRegen  0.20/turn              w - +6 ring of strength

@: brilliant, swift, quick
A: no striking features
a: Channel Magic, Renounce Religion


You were on level 8 of the Dungeon.
You worshipped Sif Muna.
Sif Muna was pleased with you.
You visited 2 branches of the dungeon, and saw 9 of its levels.

You collected 470 gold pieces.

Inventory:

Hand Weapons
 n - a +5 quarterstaff of chaos (weapon)
Missiles
 q - 78 arrows
 t - 16 poisoned darts (quivered)
Armour
 a - a +0 robe (worn)
 c - a +2 pair of gloves of dexterity (worn)
 v - a +0 cloak (worn)
 x - a +2 pair of boots (worn)
Magical Staves
 D - an uncursed staff of fire
Jewellery
 h - an uncursed ring of positive energy
 l - a +6 ring of dexterity
 o - a +4 ring of protection (left hand)
 w - a +6 ring of strength (right hand)
 E - an uncursed ring of ice
Wands
 e - a wand of polymorph (6)
Scrolls
 d - 3 scrolls of remove curse
 y - a scroll of fear {unknown}
 z - 2 scrolls of teleportation
 A - a scroll of fog {unknown}
 C - a scroll of random uselessness {unknown}
Potions
 b - a potion of magic {unknown}
 f - a potion of invisibility {unknown}
 g - a potion of berserk rage
 i - a potion of haste {unknown}
 j - a potion of resistance
 k - a potion of curing
 m - 2 potions of heal wounds {unknown}
 p - 4 potions of brilliance
 r - a potion of lignification {unknown}
 s - 3 potions of flight
 u - a potion of might {unknown}
 B - a potion of degeneration {unknown}


   Skills:
 + Level 0.6 Fighting
 + Level 3.2 Dodging
 + Level 3.5 Stealth
 + Level 12.1 Spellcasting
 * Level 4.0 Conjurations
 + Level 9.8 Air Magic
 * Level 1.9 Invocations
 * Level 1.8 Evocations


You had 17 spell levels left.
You knew the following spells:

 Your Spells              Type           Power        Failure   Level
a - Shock                 Conj/Air       ####         1%          1
b - Swiftness             Air            #######.     1%          2
c - Static Discharge      Conj/Air       ######..     1%          3
d - Airstrike             Air            #######...   1%          4
e - Lightning Bolt        Conj/Air       ######....   7%          5

Your spell library contained the following spells:

 Spells                   Type           Power        Failure   Level
 Magic Dart               Conj           ####         1%          1
 Searing Ray              Conj           ######       1%          2
 Dazzling Flash           Conj/Hex       #####.       5%          3
 Fulminant Prism          Conj/Hex       #####.....   19%         4
 Iskenderun's Mystic Bla  Conj/Tloc      #####...     19%         4


Dungeon Overview and Level Annotations

Branches:
Dungeon (8/15)             Temple (1/1) D:6            Lair (0/6) D:8

Altars:
Cheibriados
Dithmenos
Elyvilon
Kikubaaqudgha
Nemelex Xobeh
Sif Muna
Uskayaw
Vehumet
Yredelemnul


Message History

You sock the cyan ugly thing! You drain the cyan ugly thing.
The cyan ugly thing is moderately wounded.
The cyan ugly thing tentacle-slaps you but does no damage.
The cyan ugly thing tentacle-slaps you! The cyan ugly thing shocks you!
You barely miss the cyan ugly thing.
The cyan ugly thing is moderately wounded.
The cyan ugly thing barely misses you.
You hit the cyan ugly thing.
The cyan ugly thing seems to slow down.
The cyan ugly thing is moderately wounded.
The cyan ugly thing tentacle-slaps you. The cyan ugly thing shocks you!
* * * LOW HITPOINT WARNING * * *
Okay, then.
Casting: Lightning Bolt (quite dangerous; 7% risk of failure)
Confirm with . or Enter, or press ? or * to list all spells.
You feel a surge of power!
You feel quick.
The cyan ugly thing is no longer moving slowly.
The cyan ugly thing tentacle-slaps you.
* * * LOW HITPOINT WARNING * * *
The cyan ugly thing shocks you!
You die...

. .# # #= .......
......# ......#
)†....# ### .....#
#.### ....###
#..u###†.....#
###@z.(##.##
#...###....#
#...###...##.....
#.###.....## ..#
###........... #
###.............#
##.....#####..####
#........# ####
##.........#


You could see a cyan ugly thing (drained) and a wight.

Vanquished Creatures
  Prince Ribbit (D:8)
  Sigmund (D:5)
  A wraith (D:7)
  Grum (D:8)
  Duvessa (D:5)
  2 ice beasts
  A black bear (D:7)
  An orc warrior (D:7)
  A sky beast (D:5)
  2 ogres
  3 wolves (D:8)
  2 centaurs
  2 big kobolds
  5 bullfrogs
  Dowan (D:5)
  A scorpion (D:7)
  10 killer bees
  A centaur skeleton (D:8)
  2 hounds
  An orc priest (D:7)
  7 orc wizards
  Crazy Yiuf (D:5)
  9 worker ants
  The ghost of delverdan the Skirmisher, a weakling MiDe (D:5)
  3 hound skeletons
  6 gnolls
  8 adders
  2 white imps
  An ufetubus (D:7)
  An adder zombie (D:5)
  3 adder skeletons (D:4)
  3 worms
  A dart slug (D:2)
  3 leopard geckos
  32 orcs
  2 ball pythons
  9 giant cockroaches
  5 goblins
  11 hobgoblins
  20 jackals
  6 quokkas
  8 bats
  9 frilled lizards
  15 kobolds
  A leopard gecko skeleton (D:6)
  7 rats
214 creatures vanquished.

Notes
Turn   | Place    | Note
-------+----------+-------------------------------------------
     0 | D:1      | jiml777 the Deep Elf Air Elementalist began the quest for
                  | the Orb.
     0 | D:1      | Reached XP level 1. HP: 10/10 MP: 6/6
   257 | D:1      | Reached XP level 2. HP: 15/15 MP: 4/8
   984 | D:2      | Reached XP level 3. HP: 19/19 MP: 5/9
  1257 | D:2      | Learned a level 2 spell: Swiftness
  1261 | D:2      | Learned a level 3 spell: Static Discharge
  1695 | D:2      | Reached skill level 4 in Spellcasting
  1695 | D:2      | Reached XP level 4. HP: 24/24 MP: 8/12
  2110 | D:3      | Reached skill level 5 in Spellcasting
  2256 | D:3      | Learned a level 4 spell: Airstrike
  2289 | D:3      | Reached XP level 5. HP: 28/28 MP: 11/14
  2767 | D:3      | Found a white marble altar of Elyvilon.
  3489 | D:4      | Reached skill level 6 in Spellcasting
  3489 | D:4      | Reached XP level 6. HP: 32/32 MP: 3/17
  3961 | D:4      | Learned a level 5 spell: Lightning Bolt
  4140 | D:5      | Entered Level 5 of the Dungeon
  4278 | D:5      | Noticed a sky beast
  4280 | D:5      | Killed a sky beast
  4334 | D:5      | Found a sparkling altar of Nemelex Xobeh.
  4338 | D:5      | Reached skill level 7 in Spellcasting
  4338 | D:5      | Reached skill level 5 in Air Magic
  4338 | D:5      | Reached XP level 7. HP: 36/36 MP: 9/19
  4604 | D:5      | Found a radiant altar of Vehumet.
  4820 | D:5      | Noticed Sigmund
  4827 | D:5      | Killed Sigmund
  4895 | D:5      | Found a runed translucent gate.
  4895 | D:5      | Found a runed translucent gate.
  4896 | D:5      | Found a runed translucent gate.
  4898 | D:5      | Noticed delverdan's ghost (weakling MiDe)
  4904 | D:5      | Killed delverdan's ghost
  5124 | D:5      | Found a runed translucent door.
  5125 | D:5      | Noticed Crazy Yiuf
  5130 | D:5      | Killed Crazy Yiuf
  5288 | D:5      | Reached skill level 8 in Spellcasting
  5472 | D:5      | Found a shadowy altar of Dithmenos.
  5952 | D:5      | Noticed Duvessa
  5952 | D:5      | Noticed Dowan
  5959 | D:5      | Killed Duvessa
  5962 | D:5      | Killed Dowan
  6121 | D:6      | Reached XP level 8. HP: 41/41 MP: 17/22
  6309 | D:6      | Found a staircase to the Ecumenical Temple.
  6314 | D:6      | Reached skill level 9 in Spellcasting
  6395 | Temple   | Entered the Ecumenical Temple
  6435 | Temple   | Became a worshipper of Sif Muna the Loreminder
  6772 | D:6      | Found a basalt altar of Yredelemnul.
  7254 | D:7      | Reached * piety under Sif Muna
  7255 | D:7      | Reached skill level 10 in Spellcasting
  7801 | D:7      | Identified the +1 ring mail "Porchefa" {Dex+4}
  7808 | D:7      | Reached XP level 9. HP: 46/46 MP: 13/25
  7812 | D:7      | Reached skill level 11 in Spellcasting
  8609 | D:7      | Found a sparkling altar of Nemelex Xobeh.
  8714 | D:8      | Found a staircase to the Lair.
  8760 | D:8      | Reached skill level 1 in Invocations
  8761 | D:8      | Noticed a cyan ugly thing
  8763 | D:8      | Reached skill level 1 in Evocations
  8782 | D:8      | Noticed Prince Ribbit
  8847 | D:8      | Killed Prince Ribbit
  8880 | D:8      | Reached ** piety under Sif Muna
  9285 | D:8      | Noticed Grum
  9289 | D:8      | Killed Grum
  9290 | D:8      | Identified the +11 hunting sling of Glamorous Valour
                  | {vorpal, Fragile rF+ Int+8}
  9293 | D:8      | Reached skill level 12 in Spellcasting
  9308 | D:8      | HP: 1/46 [cyan ugly thing (4)]
  9308 | D:8      | Mangled by a cyan ugly thing

Illustrated notes

Levels and vault maps discovered:
D:1:      wander_arrival_desolate, layout_loops_cross, hangedman_decor_points,
          serial_bayou_pond_c
D:2:      layout_loops_ring, mrwooster_statue_mirror, supply_closet_lemuel
D:3:      layout_loops_ring, minmay_tree_intersection, elyvilon_altar_4
D:4:      layout_loops_ring
D:5:      layout_basic, kennysheep_little_box, ebering_ghost_rock_garden,
          basic_altar, grunt_dithmenos_smoke_and_mirrors, uniq_duvessa,
          uniq_sigmund, uniq_crazy_yiuf_cottage
D:6:      layout_rooms, minmay_temple_entry_slanted, basic_altar
D:7:      layout_cave_pools, grunt_ministairs_1, nemelex_lonely_heart_becter
D:8:      minmay_the_grid_four_pointed_star
          [minmay_the_grid_triangle_9x9_corrupted_corridor,
          minmay_the_grid_triangle_9x9_windchime,
          minmay_the_grid_triangle_9x9_subtriangle,
          minmay_the_grid_triangle_9x9_minimal,
          minmay_the_grid_prize_four_corners], layout_cave_pools,
          overflow_temple_1_default, uniq_prince_ribbit1, uniq_grum
Temple:   dpeg_five_rooms_temple

Skill      XL: |  1  2  3  4  5  6  7  8  9 |
---------------+----------------------------+-----
Conjurations   | 2 3 4 |  4.0
Air Magic      | 4 5 6 8 9 |  9.8
Spellcasting   | 4 5 6 7 8 10 12 | 12.1
Stealth        | 3 |  3.5
Invocations    | 1 |  1.9
Evocations     | 1 |  1.8
Dodging        | 3 |  3.2
Fighting       | |  0.6

Action                   |  1- 3 |  4- 6 |  7- 9 || total
-------------------------+-------+-------+-------++-------
Melee: Short sword       |     1 |       |       ||     1
       Quarterstaff      |       |       |     8 ||     8
 Cast: Shock             |    91 |    89 |    52 ||   232
       Airstrike         |       |    18 |   119 ||   137
       Swiftness         |       |       |     3 ||     3
       Lightning Bolt    |       |       |     1 ||     1
  Use: Scroll            |       |     9 |     4 ||    13
       Potion            |       |       |     2 ||     2
Armor: Robe              |     8 |    10 |    22 ||    40
Dodge: Dodged            |    17 |    22 |    46 ||    85

Table legend: (Time is in decaauts)
 A = Elapsed time spent in this place.
 B = Non-inter-level travel time spent in this place.
 C = Inter-level travel time spent in this place.
 D = Time resting spent in this place.
 E = Time spent auto-exploring this place.
 F = Levels seen in this place.
 G = Mean time per level.
                   A        B        C        D        E       F      G
               +--------+--------+--------+--------+--------+-----+--------+
         Total |   9309 |   9074 |    235 |   4135 |   3424 |   9 | 1034.3 |
       Dungeon |   9233 |   9033 |    200 |   4135 |   3392 |   8 | 1154.1 |
        Temple |     75 |     40 |     35 |      0 |     32 |   1 |   75.0 |
               +--------+--------+--------+--------+--------+-----+--------+

Top non-repeatable levels by time:
     D:5: 1967 daAuts
     D:7: 1415 daAuts
     D:2: 1178 daAuts
     D:3: 1107 daAuts
     D:6: 1086 daAuts
     D:1: 930 daAuts
     D:4: 929 daAuts
     D:8: 618 daAuts
  Temple: 75 daAuts
